 Dungeon Crawl Stone Soup version 0.17-a0-1174-ge06b3cc (webtiles) character file.

1152 Fluffy the Skirmisher (level 8, -2/64 HPs)
             Began as a Demonspawn Gladiator on May 29, 2015.
             Splashed by a jelly's acid (9 damage)
             ... on level 6 of the Dungeon.
             The game lasted 00:15:55 (4655 turns).

Fluffy the Skirmisher (Demonspawn Gladiator)        Turns: 4655, Time: 00:15:56

Health: -2/64      AC: -4    Str: 17    XL:     8   Next: 16%
Magic:  0/8        EV:  6    Int: 10    God:
Gold:   263        SH:  0    Dex: 14    Spells: 0 memorised, 7 levels left

rFire  . . .     SeeInvis .     a - +0 long sword
rCold  + . .     Clarity  .     r - +0 plate armour
rNeg   . . .     SustAt   .     (no shield)
rPois  .         Gourm    .     f - +1 hat
rElec  .         Spirit   +     i - +1 cloak
rCorr  .         Warding  .     (no gloves)
rMut   .         Stasis   .     (no boots)
MR     .....                    o - amulet of regeneration
Stlth  ..........               (no ring)
                                k - ring of protection from cold

@: corroded equipment, not resistant to hostile enchantments, extremely
unstealthy
A: claws 2, magic shield
a: no special abilities


You were on level 6 of the Dungeon.
You were not hungry.

You visited 1 branch of the dungeon, and saw 6 of its levels.
You also visited: Ossuary.

You collected 263 gold pieces.

Inventory:

Hand weapons
 a - a +0 long sword (weapon)
Missiles
 d - 3 throwing nets (quivered)
Armour
 f - a +1 hat (worn)
 i - a +1 cloak (worn)
 r - a +0 plate armour (worn)
Jewellery
 k - a ring of protection from cold (left claw)
 o - an amulet of regeneration (around neck)
Magical devices
 g - a wand of flame (34)
Scrolls
 b - 2 scrolls of enchant armour
 j - 2 scrolls of remove curse
 l - 2 scrolls of recharging
 y - a scroll of fear
 B - 2 scrolls of amnesia
 D - 2 scrolls of magic mapping
Potions
 h - 3 potions of might
 m - a potion of resistance
 q - 3 potions of cure mutation
 u - 3 potions of flight
 v - 2 potions of invisibility {unknown}
 w - a potion of degeneration {unknown}
 x - a potion of berserk rage {unknown}
 z - a potion of brilliance {unknown}
 E - a potion of haste {unknown}
Comestibles
 c - 2 beef jerkies
 e - 3 bread rations
 n - a meat ration
 p - 2 fruits
 t - 3 chunks of flesh


   Skills:
 + Level 5.9 Fighting
 + Level 5.6 Long Blades
 - Level 1.7 Throwing
 + Level 4.9 Armour
 - Level 2.9 Dodging


You had 7 spell levels left.
You didn't know any spells.

Dungeon Overview and Level Annotations

Branches:
Dungeon (6/15)
 Temple: D:4-7

Altars:
Dithmenos
Makhleb
Vehumet

Shops:
D:6 *


Innate Abilities, Weirdness & Mutations

You have very sharp fingernails.
When hurt, damage is shared between your health and your magic reserves.


Message History

The jelly is severely wounded.
The jackal bites you.
* * * LOW HITPOINT WARNING * * *
The jelly hits you.
* * * LOW HITPOINT WARNING * * *
You are splashed with acid!
The acid corrodes you!
The acid burns!
* * * LOW HITPOINT WARNING * * *
The jackal bites you.
* * * LOW HITPOINT WARNING * * *
The goblin hits you but does no damage.
A jackal comes into view.
Drink which item? (? for menu, Esc to quit)
You feel better.
The jackal barks!
The jackal bites you.
* * * LOW HITPOINT WARNING * * *
The jelly hits you.
* * * LOW HITPOINT WARNING * * *
You are splashed with acid!
The acid burns!
You die...

.###.#..
h...#.#
....#.#
#.....
##....#
##.....#
+..hJg.#
#..@..#
#...........
#.#..#######
.. ...# >##
... ....# 8
.. .....# ⌠
⌠.....#
∩...##.#


You could see a jelly, 2 jackals and a goblin.

Vanquished Creatures
  The ghost of Jakers the Poker, an average MfGl of the Shining One (D:3)
  A giant frog (D:5)
  7 scorpions (Ossuary)
  2 crimson imps
  2 centaur zombies (Ossuary)
  A hound (D:5)
  Crazy Yiuf (D:2)
  2 human zombies (Ossuary)
  3 iguanas (D:4)
  A worker ant (D:4)
  3 mummies (Ossuary)
  9 adders
  5 scorpion zombies (Ossuary)
  3 river rats (D:4)
  2 oozes
  5 worms
  5 giant geckos
  7 orcs
  10 bats
  A bat skeleton (D:5)
  12 hobgoblins
  4 jackals
  4 quokkas
  A ball python skeleton (D:4)
  6 giant cockroaches
  4 giant newts
  A gnoll zombie (Ossuary)
  7 goblins
  3 goblin zombies (Ossuary)
  2 hobgoblin zombies (Ossuary)
  7 kobolds
  2 kobold zombies (Ossuary)
  2 orc zombies (Ossuary)
  13 rats
139 creatures vanquished.

Notes
Turn   | Place    | Note
--------------------------------------------------------------
     0 | D:1      | Fluffy the Demonspawn Gladiator began the quest for the Orb.
     0 | D:1      | Reached XP level 1. HP: 16/16 MP: 1/1
   191 | D:1      | Gained mutation: You have sharp fingernails. [demonic ancestry]
   191 | D:1      | Reached XP level 2. HP: 2/22 MP: 2/2
   933 | D:2      | Reached skill level 3 in Long Blades
   933 | D:2      | Reached skill level 1 in Armour
   933 | D:2      | Gained mutation: When hurt, damage is shared between your health and your magic reserves. [demonic ancestry]
   933 | D:2      | Reached XP level 3. HP: 28/28 MP: 3/3
  1732 | D:2      | Noticed Crazy Yiuf
  1739 | D:2      | Killed Crazy Yiuf
  1739 | D:2      | Reached XP level 4. HP: 16/35 MP: 2/4
  1967 | D:3      | Reached XP level 5. HP: 28/41 MP: 3/5
  2026 | D:3      | Noticed Jakers's ghost (average MfGl)
  2222 | D:3      | Killed Jakers's ghost
  2457 | D:3      | Found a shadowy altar of Dithmenos.
  2647 | D:4      | Reached skill level 4 in Fighting
  2647 | D:4      | Reached XP level 6. HP: 41/48 MP: 4/6
  2685 | D:4      | Found a sand-covered staircase.
  2693 | Ossuary  | Entered an ossuary
  2957 | Ossuary  | Reached XP level 7. HP: 52/55 MP: 7/7
  3036 | Ossuary  | Reached skill level 5 in Fighting
  3174 | Ossuary  | Reached skill level 5 in Long Blades
  3903 | D:4      | Found a radiant altar of Vehumet.
  3903 | D:4      | Found a burning altar of Makhleb.
  3919 | D:4      | Gained mutation: You have very sharp fingernails. [demonic ancestry]
  3919 | D:4      | Reached XP level 8. HP: 63/63 MP: 6/8
  4066 | D:5      | Entered Level 5 of the Dungeon
  4642 | D:6      | Found Kiqov's Assorted Antiques.
  4654 | D:6      | HP: 3/64 [acid (7)]
  4655 | D:6      | Splashed by a jelly's acid

Vault maps used:
D:1:      minmay_arrival_hallway
D:2:      first_bread, uniq_crazy_yiuf_cottage
D:3:      lemuel_round_altar
D:4:      grunt_temple_overflow_lords_of_destruction, portal_sewer_entry_e,
          enter_ossuary_1
D:6:      nicolae_overflow_hidden_temple, minmay_temple_entry_glassed_door,
          serial_shops, shop_fountains
Ossuary:  ossuary_minmay_scorpions

Action                   |  1- 3 |  4- 6 |  7- 9 || total
-------------------------+-------+-------+-------++-------
Melee: Long sword        |   162 |   272 |   332 ||   766
  Use: Scroll            |       |     6 |    10 ||    16
       Potion            |       |       |     1 ||     1
  Eat: Chunk             |     3 |     6 |     6 ||    15
       Pizza             |       |       |     1 ||     1
